Map: Blackpink LE

Players

Dystopia - Winner!

  • Race: Protoss Protoss
  • League: Master
  • Spawn Location: 1:00

Djorjx

  • Race: Terran Terran
  • League: Master
  • Spawn Location: 7:00

VOD

Have the link to the VOD?

Description

Time

  • Played on: Nov. 17, 2017, 8:55 a.m.
  • Length: 15:26
Show
View Real Time Build Order
Export as new Build Order

Dystopia Protoss - Winner!

Build Orders: 1 Gate Expand, Oracle Opening 

Get SALT Encoding   

  12  0:01  Probe  
  13  0:13  Probe  
  14  0:20  Pylon  
  14  0:25  Probe  
  15  0:38  Probe (Chrono Boost)  
  16  0:44  Gateway  
  16  0:46  Assimilator  
  16  0:48  Probe (Chrono Boost)  
  17  0:58  Probe (Chrono Boost)  
  18  1:10  Probe (Chrono Boost)  
  19  1:24  Nexus  
  19  1:26  Probe  
  20  1:37  Cybernetics Core  
  20  1:40  Probe  
  20  1:45  Assimilator  
  21  1:52  Probe  
  22  1:56  Pylon  
  22  2:04  Probe  
  23  2:16  Probe  
  23  2:22  Adept  
  25  2:23  Warp Gate  
  25  2:29  Stargate  
  25  2:30  Probe (Chrono Boost)  
  27  2:41  Probe x2 (Chrono Boost)  
  28  2:49  Probe (Chrono Boost)  
  30  2:53  Probe x2 (Chrono Boost), Pylon  
  30  2:56  Probe  
  32  3:06  Probe  
  32  3:08  Probe  
  34  3:14  Oracle (Chrono Boost)  
  34  3:18  Probe  
  38  3:21  Probe  
  39  3:30  Nexus  
  39  3:36  Probe x2  
  41  3:44  Gateway  
  41  3:48  Gateway  
  41  3:50  Probe (Chrono Boost)  
  41  3:54  Probe (Chrono Boost)  
  43  3:57  Shield Battery  
  45  4:02  Probe (Chrono Boost)  
  45  4:08  Phoenix, Probe (Chrono Boost)  
  47  4:10  Probe  
  48  4:20  Twilight Council  
  48  4:21  Probe  
  48  4:23  Forge, Probe  
  50  4:26  Assimilator  
  50  4:30  Assimilator  
  50  4:32  Sentry  
  50  4:33  Probe  
  50  4:35  Probe  
  54  4:42  Pylon  
  54  4:46  Probe  
  54  4:47  Probe  
  54  4:50  Adept x2  
  54  4:52  Probe  
  61  4:55  Phoenix  
  61  4:58  Probe  
  64  5:02  Charge (Chrono Boost)  
  64  5:10  Gateway  
  64  5:12  Gateway  
  64  5:14  Shield Battery  
  64  5:16  Adept x2, Pylon  
  69  5:21  Probe x3  
  69  5:25  Protoss Ground Weapons Level 1  
  71  5:38  Shield Battery  
  71  5:40  Adept x3  
  76  5:49  Gateway  
  73  5:53  Gateway  
  73  5:55  Pylon  
  73  5:59  Pylon  
  73  6:07  Pylon  
  73  6:10  Pylon  
  73  6:17  Zealot x2  
  77  6:22  Pylon  
  77  6:23  Pylon  
  77  6:25  Pylon  
  77  6:30  Resonating Glaives (Chrono Boost)  
  77  6:34  Nexus  
  77  6:36  Phoenix  
  79  6:40  Pylon  
  79  6:45  Zealot x2  
  83  6:53  Zealot x2  
  85  7:07  Zealot x4, Robotics Facility  
  93  7:13  Templar Archives  
  92  7:22  Adept x2  
  96  7:41  Zealot x4  
  99  7:52  Protoss Ground Armor Level 1  
  99  7:56  Warp Prism (Chrono Boost), Psionic Storm  
  101  8:09  Nexus, Probe x2  
  101  8:11  Pylon  
  95  8:19  High Templar x6  
  107  8:21  Probe  
  107  8:25  Archon  
  100  8:42  Zealot  
  100  8:43  Probe x2  
  100  8:47  Immortal (Chrono Boost)  
  108  8:56  Probe x2  
  108  8:57  High Templar x2  
  108  8:59  Zealot x4  
  122  9:09  Phoenix  
  111  9:24  Probe x3  
  111  9:28  Stalker x3  
  119  9:34  Phoenix  
  95  9:47  Zealot x2  
  95  9:48  Zealot x2  
  99  9:55  Stalker x2  
  99  9:56  Warp Prism  
  105  10:01  Probe x2  
  105  10:02  Probe  
  105  10:03  High Templar  
  105  10:06  Protoss Ground Weapons Level 2  
  110  10:15  Phoenix  
  110  10:16  Probe (Chrono Boost)  
  110  10:17  Probe (Chrono Boost)  
  110  10:18  Probe (Chrono Boost)  
  115  10:27  Probe x3 (Chrono Boost)  
  118  10:47  Probe x3  
  111  10:55  Adept x7  
  123  10:59  Probe x3  
  123  11:02  Phoenix  
  126  11:11  Probe  
  121  11:18  Stalker x4  
  121  11:19  High Templar  
  129  11:27  Phoenix  
  95  11:45  Zealot x6  
  101  11:59  Zealot  
  93  12:02  Probe x2  
  93  12:08  High Templar x3  
  99  12:09  Probe  
  99  12:11  Assimilator x2  
  99  12:14  Gateway, Probe x2  
  100  12:17  Gateway  
  100  12:21  Gateway, Archon  
  100  12:22  Archon  
  94  12:23  Phoenix  
  94  12:24  Zealot  
  94  12:25  Zealot x3, Gateway  
  100  12:33  Protoss Ground Armor Level 2 (Chrono Boost)  
  100  12:42  Adept x3  
  106  12:46  Adept x3  
  106  12:48  Phoenix  
  106  12:49  Nexus  
  106  12:51  Pylon  
  114  13:03  High Templar x2  
  114  13:05  Zealot x2  
  114  13:12  Zealot x2  
  118  13:13  Zealot  
  118  13:14  Immortal (Chrono Boost)  
  120  13:27  Gateway  
  120  13:29  High Templar x2  
  120  13:31  Shield Battery  
  120  13:33  Gateway  
  124  13:36  Assimilator  
  124  13:37  Assimilator  
  124  13:39  Zealot x4  
  124  13:41  Pylon  
  132  13:42  Zealot  
  132  13:43  Observer  
  135  13:54  Photon Cannon  
  135  13:56  Zealot x3  
  135  14:00  Phoenix  
  143  14:06  Stalker x2  
  147  14:20  Zealot x4  
  147  14:24  Zealot x2  
  157  14:27  Probe x3  
  162  14:36  Probe  
  163  14:39  Probe x2  
  163  14:40  Phoenix  
  167  14:47  Zealot x2  
  171  14:54  Pylon  
  171  14:55  Pylon x2  
  171  14:58  Pylon  
Show
View Real Time Build Order
Export as new Build Order

Djorjx Terran 

Build Orders: MMM Bio 

Get SALT Encoding   

  12  0:00  SCV  
  13  0:12  SCV  
  14  0:17  Supply Depot  
  14  0:25  SCV  
  15  0:39  SCV  
  16  0:42  Barracks  
  16  0:51  SCV  
  17  1:03  SCV  
  18  1:04  Refinery  
  18  1:15  SCV  
  19  1:30  Orbital Command, Marine  
  20  1:39  Command Center  
  20  1:49  Barracks Reactor  
  20  1:55  Supply Depot, SCV  
  21  2:08  SCV  
  22  2:16  Barracks  
  22  2:20  SCV  
  23  2:25  Barracks  
  23  2:26  Marine  
  23  2:27  Marine  
  25  2:32  SCV  
  27  2:44  SCV, Marine  
  27  2:45  Marine  
  29  2:51  Orbital Command  
  29  2:55  Bunker  
  29  2:56  SCV  
  30  3:03  Marine x2  
  30  3:04  Barracks Tech Lab  
  32  3:08  SCV  
  32  3:12  Marine  
  33  3:17  Engineering Bay, SCV  
  34  3:24  Stimpack, Marine  
  35  3:27  Marine x2  
  35  3:30  SCV  
  35  3:31  SCV  
  39  3:36  Supply Depot  
  39  3:39  Marine  
  40  3:44  SCV  
  40  3:45  SCV  
  40  3:48  Missile Turret, Marine x2  
  43  3:49  Marine  
  43  3:55  Supply Depot  
  45  3:57  SCV  
  45  4:00  Supply Depot  
  45  4:01  SCV  
  47  4:09  Terran Infantry Weapons Level 1, SCV  
  47  4:12  Barracks Tech Lab  
  47  4:14  Marine x2  
  47  4:15  Marauder  
  51  4:19  Supply Depot  
  51  4:22  SCV  
  52  4:24  Supply Depot, SCV  
  53  4:32  Combat Shields, Marine  
  53  4:35  Marauder  
  53  4:36  Marauder  
  53  4:38  SCV x2  
  60  4:48  Supply Depot  
  60  4:50  SCV  
  61  4:53  Missile Turret  
  61  4:55  SCV  
  64  5:02  SCV, Marine x2  
  64  5:03  Supply Depot  
  69  5:08  Marine x2  
  67  5:14  SCV  
  67  5:19  Marine  
  67  5:20  Refinery  
  69  5:22  Refinery, Command Center  
  69  5:23  Refinery  
  69  5:24  Concussive Shells, SCV  
  70  5:29  Supply Depot  
  70  5:30  SCV  
  70  5:33  Factory  
  71  5:37  Marine x2  
  71  5:38  Marauder, SCV  
  71  5:42  SCV  
  77  5:48  Marauder  
  79  5:50  SCV  
  79  5:54  SCV  
  79  5:55  Marine  
  82  6:02  SCV  
  82  6:03  Terran Infantry Armor Level 1  
  82  6:06  SCV  
  82  6:10  Marine  
  82  6:11  Supply Depot, Marauder, Marine  
  86  6:12  Missile Turret  
  86  6:14  SCV  
  88  6:18  SCV  
  88  6:24  Factory Reactor  
  89  6:26  SCV  
  89  6:27  Starport  
  89  6:30  SCV  
  89  6:31  Barracks  
  91  6:34  Barracks  
  91  6:36  Orbital Command  
  91  6:39  SCV  
  92  6:42  Marine  
  92  6:43  Marauder x2, SCV  
  98  6:51  SCV  
  98  6:53  Marine  
  99  6:55  SCV  
  99  7:00  Marine  
  101  7:03  SCV  
  101  7:04  Marauder, SCV  
  101  7:05  Marauder  
  101  7:07  Supply Depot, SCV  
  108  7:15  SCV  
  109  7:16  Supply Depot, Fusion Core, Starport  
  109  7:17  SCV  
  109  7:18  Factory Reactor  
  109  7:19  SCV  
  110  7:23  Medivac x2, Armory  
  110  7:25  Engineering Bay  
  110  7:27  SCV  
  110  7:29  SCV  
  116  7:31  Refinery, Barracks Reactor, Barracks Tech Lab  
  116  7:32  Refinery  
  116  7:34  Marine x2  
  116  7:35  Marauder  
  116  7:36  SCV  
  121  7:39  SCV  
  121  7:42  Liberator  
  121  7:43  Supply Depot  
  122  7:45  Liberator  
  122  7:48  Marine  
  122  7:51  SCV x3  
  116  7:52  Marine  
  116  7:56  Marauder, Marine x2  
  115  7:59  Starport Tech Lab  
  118  8:07  Marauder  
  118  8:10  Liberator, Marine  
  121  8:14  Marauder, Marine x3  
  121  8:17  Marine  
  127  8:25  Supply Depot  
  127  8:27  Marine x2  
  127  8:32  Liberator x2, Marine x3  
  127  8:33  Widow Mine  
  137  8:34  Widow Mine  
  137  8:35  Marauder  
  137  8:36  Marauder  
  141  8:46  Marauder, Supply Depot  
  141  8:48  Command Center  
  143  8:52  Advanced Ballistics  
  143  8:53  Marine  
  143  8:54  Marine  
  143  8:55  Supply Depot  
  151  9:01  Marine  
  152  9:04  Missile Turret  
  152  9:05  Widow Mine x2, Marine x2  
  152  9:07  Marine  
  152  9:08  Liberator, Missile Turret  
  152  9:09  Missile Turret, Marine  
  160  9:11  Marine  
  160  9:13  Marine  
  162  9:19  Marine  
  162  9:23  Marauder, Marine  
  157  9:25  Marine  
  157  9:27  Marauder  
  157  9:29  Marine  
  157  9:31  Liberator x2  
  164  9:33  Marine  
  152  9:43  Marauder  
  152  9:44  Marine  
  131  9:50  Marauder, Marine x2  
  131  9:51  Marauder, Liberator  
  131  9:52  Marine  
  125  10:02  Marine  
  125  10:04  Marauder  
  128  10:08  Starport, Marine x2  
  128  10:12  Marauder  
  128  10:13  Marine x2  
  128  10:14  Liberator  
  137  10:16  Sensor Tower  
  137  10:19  Widow Mine  
  137  10:20  Supply Depot x2, Liberator, Marine  
  140  10:25  Marine x2  
  140  10:27  Widow Mine, Marine  
  145  10:31  Marine  
  145  10:33  Liberator  
  149  10:37  Marine  
  136  10:52  SCV  
  136  10:53  SCV  
  137  11:01  SCV  
  137  11:03  Liberator x2  
  137  11:05  SCV x2  
  139  11:13  SCV  
  139  11:15  Marine x2  
  139  11:17  SCV x2  
  139  11:18  Marine x3  
  138  11:29  Marine  
  138  11:31  Marine  
  122  11:33  Marine x2  
  122  11:35  Marine  
  122  11:36  Marine x2  
  97  11:47  Marauder  
  97  11:49  Marauder  
  97  11:51  Marine x2  
  97  11:53  Marine x2  
  100  11:55  Marauder  
  77  12:08  Marine  
  77  12:09  Marine x2  
  77  12:10  Marauder  
  77  12:11  Marine x2  
  83  12:16  Marauder  
  70  12:26  Marine  
  70  12:27  Marine x2  
  70  12:28  Planetary Fortress  
  70  12:29  Marine  
  68  12:32  Marauder  
  68  12:35  Marine  
  71  12:37  Marine  
  71  12:42  SCV x2  
  74  12:44  Marauder, Marine  
  74  12:45  Marine  
  74  12:48  SCV  
  79  12:52  Liberator x3  
  79  12:54  SCV x2  
  81  13:00  SCV  
  78  13:06  SCV  
  78  13:09  Marine x2  
  78  13:11  SCV  
  78  13:12  SCV  
  92  13:16  Marine x2  
  92  13:18  SCV  
  95  13:22  Marine x2  
  95  13:23  Marine  
  95  13:24  SCV  
  99  13:29  SCV x2  
  99  13:30  SCV  
  99  13:33  Marine  
  103  13:34  Liberator  
  103  13:36  SCV  
  104  13:44  Marine x4  
  104  13:45  Marauder, Marine  
  111  13:51  Marine  
  111  13:52  Medivac  
  117  14:02  Marine x4  
  120  14:03  Marauder  
  120  14:06  Marauder  
  120  14:07  Liberator  
  120  14:08  SCV x2  
  127  14:13  Refinery  
  127  14:14  Refinery  
  127  14:19  Command Center  
  127  14:21  Marauder  
  128  14:25  Widow Mine x2  
  136  14:31  SCV x2  
  136  14:32  SCV x2  
  139  14:39  Marauder x2, Marine x4  
  139  14:42  Marauder  
  139  14:44  Missile Turret  
  134  15:00  Marauder x2  
Tags
 
Add a new tag
Caveats
  • Supply blocks, unpowered buildings, or Contaminate may cause inaccurate times.
  • Supply counts are checked every 10 seconds.